 Dungeon Crawl Stone Soup version 0.29.0-4-gdea44cf6ec (webtiles) character file.

Game seed: 8466514223325537578

191 qw the Sneak (level 5, -1/32 HPs)
             Began as a Gargoyle Delver on Sept 10, 2022.
             Slain by a wight
             ... wielding a +3 great sword of freezing
              (2 damage)
             ... on level 3 of the Dungeon.
             The game lasted 00:01:00 (2791 turns).

qw the Sneak (Gargoyle Delver)                      Turns: 2791, Time: 00:01:01

Health: -1/32      AC: 15    Str: 22    XL:     5   Next: 70%
Magic:  5/5        EV:  6    Int:  9    God:
Gold:   118        SH:  0    Dex: 10    Spells: 4/4 levels left

rFire   . . .      SeeInvis .   Y - +1 hand axe
rCold   . . .      Faith    .   (no shield)
rNeg    + . .      Spirit   .   h - +0 plate armour
rPois   inf        Reflect  .   (no helmet)
rElec   +          Harm     .   (no cloak)
rCorr   .          Rampage  .   (no gloves)
Will    .....                   (no boots)
Stlth   ..........              (no amulet)
HPRegen 0.10/turn               (no ring)
MPRegen 0.09/turn               (no ring)

@: about to teleport
A: sickness immunity, AC +4, negative energy resistance 1, electricity
resistance, torment resistance 1, petrification resistance, strong 1, MP-powered
wands
a: no special abilities


You were on level 3 of the Dungeon.
You visited 1 branch of the dungeon, and saw 5 of its levels.

You collected 118 gold pieces.


Innate Abilities, Weirdness & Mutations

You are immune to sickness and miasma.
Your stone body is resilient. (AC +4)
You are immune to poison.
You resist negative energy. (rN+)
You are resistant to electric shocks. (rElec)
You are resistant to unholy torment.
You are immune to petrification.
Your muscles are strong. (Str +4, Int/Dex -1)
You expend magic power (3 MP) to strengthen your wands.


   Skills:
 - Level 3.2 Fighting
 + Level 4.2 Axes
 - Level 0.4 Throwing
 - Level 3.2 Armour
 - Level 1.5 Dodging
 - Level 5.4 Stealth


You had 4 spell levels left.
You didn't know any spells.
Your spell library was empty.

Inventory:

Hand Weapons
 b - a +0 flail
 Y - a +1 hand axe (weapon)
Armour
 h - a +0 plate armour (worn)
Wands
 g - a wand of digging (3)
Scrolls
 e - a scroll of identify
 l - a scroll of teleportation
Potions
 c - a potion of resistance {unknown}
 d - 2 potions of curing {unknown}
 f - 4 potions of haste
 i - a potion of flight {unknown}
 j - a potion of might {unknown}
 k - a potion of mutation
 n - a potion of degeneration {unknown}

Dungeon Overview and Level Annotations

Branches:
Dungeon (5/15)
 Temple: D:4-7

Altars:
Cheibriados

Shops:
D:4 =

Annotations:
D:1 2 transporters


Message History

The wight is severely damaged.
The wight hits you with a +2 dagger.
You closely miss the wight.
The wight is severely damaged.
The wight hits you but does no damage.
You hit the wight.
The wight is almost destroyed.
The wight hits you but does no damage. x2
You hit the wight.
You destroy the wight!
Your Axes skill increases to level 4!
You start resting.
HP restored.
Things that are here:
a +2 dagger; a +0 robe A wight and a bat come into view.
The wight is wielding a +3 great sword of freezing.
The bat moves out of view.
You hit the wight.
The wight is lightly damaged.
The wight hits you with a +3 great sword of freezing.
The wight freezes you.
You hit the wight but do no damage.
The wight is lightly damaged.
The wight hits you with a +3 great sword of freezing!
Ouch! That really hurt!
The wight freezes you.
2789 ||| READING 2 scrolls of teleportation.
As you read the scroll of teleportation, it crumbles to dust.
You feel strangely unstable. The wight hits you but does no damage.
2790 ||| DRINKING potion of heal wounds.
You feel much better.
The wight hits you with a +3 great sword of freezing!
The wight freezes you.
You closely miss the wight.
The wight is lightly damaged.
The wight hits you with a +3 great sword of freezing.
The wight freezes you.
You die...

# #........# ..
###....g...###.#
...#######...#.#
##..######...#.# .
.............#'#######..
###...######............
........................
######..................
#.........)@z...^..
#.......#####..(...
#.......# .....
#.......# .... #.......#
... #.......# ##
####.####


You could see a wight.

Vanquished Creatures
  A necrophage (D:2)
  A wight (D:3)
  3 adders
  A dart slug (D:1)
  3 orcs (D:2)
  5 ball pythons
  3 bats
  3 endoplasms
  4 giant cockroaches
  2 goblins
  4 hobgoblins
  3 kobolds
  2 quokkas
  3 frilled lizards
  6 rats
44 creatures vanquished.

Notes
Turn   | Place    | Note
-------+----------+-------------------------------------------
     0 | D:5      | qw the Gargoyle Delver began the quest for the Orb.
     0 | D:5      | Reached XP level 1. HP: 14/14 MP: 1/1
     0 | D:5      | 0 ||| qw: Version: 0.1-a-116-g5d60599
     0 | D:5      | 0 ||| qw: Game counter: 8369
     0 | D:5      | 0 ||| qw: Always use a shield: true
     0 | D:5      | 0 ||| qw: God list: Okawaru
     0 | D:5      | 0 ||| qw: Allow faded altars: false
     0 | D:5      | 0 ||| qw: Do Orc after D:15 true
     0 | D:5      | 0 ||| qw: Do second Lair branch before Depths: true
     0 | D:5      | 0 ||| qw: Lair rune preference: random
     0 | D:5      | 0 ||| qw: Plans: Normal
     0 | D:5      | 0 ||| PLANNING D:1-11
    15 | D:5      | Found a snail-covered altar of Cheibriados.
    17 | D:5      | 17 ||| DROPPING scroll of fog.
    18 | D:5      | 18 ||| DROPPING scroll of magic mapping.
    19 | D:5      | 19 ||| DROPPING scroll of fear.
    45 | D:4      | Found Titu's Jewellery Shoppe.
    50 | D:4      | 50 ||| SHOPLISTING amulet of guardian spirit (300 gold,
                  | have 0).
    50 | D:4      | 50 ||| SHOPLISTING ring "Muafijau" {Fly rElec rPois Will-
                  | Str+6} (521 gold, have 0).
    50 | D:4      | 50 ||| SHOPLISTING ring of protection from cold (250 gold,
                  | have 0).
    50 | D:4      | 50 ||| SHOPLISTING ring of see invisible (150 gold, have
                  | 0).
    60 | D:4      | Reached XP level 2. HP: 18/19 MP: 2/2
   132 | D:4      | 132 ||| READING scroll labelled YTUUNL ZIARHIY.
   212 | D:3      | 212 ||| READING scroll labelled ZULEOM VEDODIO.
   246 | D:2      | 246 ||| Stepping ~*~*~tactically~*~*~ (stealth).
   257 | D:2      | 257 ||| Stepping ~*~*~tactically~*~*~ (stealth).
   349 | D:2      | HP: 3/19 [endoplasm (2)]
   350 | D:2      | Reached skill level 3 in Axes
   350 | D:2      | Reached XP level 3. HP: 4/23 MP: 3/3
   683 | D:2      | 683 ||| DROPPING +0 club.
   705 | D:2      | 705 ||| READING scroll labelled DESOACH BETYHI.
   787 | D:1      | 787 ||| Stepping ~*~*~tactically~*~*~ (hiding).
   889 | D:1      | 889 ||| Stepping ~*~*~tactically~*~*~ (stealth).
   891 | D:1      | 891 ||| Stepping ~*~*~tactically~*~*~ (stealth).
   893 | D:1      | 893 ||| Stepping ~*~*~tactically~*~*~ (stealth).
   898 | D:1      | 898 ||| Stepping ~*~*~tactically~*~*~ (stealth).
   900 | D:1      | 900 ||| Stepping ~*~*~tactically~*~*~ (stealth).
   902 | D:1      | 902 ||| Stepping ~*~*~tactically~*~*~ (stealth).
   964 | D:1      | 964 ||| Stepping ~*~*~tactically~*~*~ (stealth).
  1031 | D:1      | Found a transporter.
  1339 | D:1      | 1339 ||| Stepping ~*~*~tactically~*~*~ (stealth).
  1347 | D:1      | 1347 ||| Stepping ~*~*~tactically~*~*~ (stealth).
  1348 | D:1      | 1348 ||| Stepping ~*~*~tactically~*~*~ (stealth).
  1387 | D:1      | Found a transporter.
  1607 | D:1      | Found a faded altar of an unknown god.
  1809 | D:1      | 1809 ||| UPGRADING to +0 plate armour.
  1819 | D:1      | 1819 ||| DROPPING +0 leather armour.
  1820 | D:1      | 1820 ||| READING scroll labelled HESTRI BOBIS.
  1821 | D:1      | 1821 ||| READING scroll labelled ZIUNOK WOEKH.
  1922 | D:1      | 1922 ||| DRINKING 2 silvery potions.
  1923 | D:1      | 1923 ||| DRINKING 2 purple potions.
  1923 | D:1      | Gained mutation: Your muscles are strong. (Str +4, Int/Dex
                  | -1) [potion of mutation]
  1923 | D:1      | Gained mutation: You expend magic power (3 MP) to
                  | strengthen your wands. [potion of mutation]
  2005 | D:2      | 2005 ||| DROPPING +0 whip.
  2066 | D:2      | 2066 ||| Stepping ~*~*~tactically~*~*~ (stealth).
  2273 | D:2      | 2273 ||| READING scroll labelled CAENKA HYM INU.
  2290 | D:3      | Noticed a necrophage
  2291 | D:3      | 2291 ||| STAIRDANCE
  2320 | D:3      | 2320 ||| STAIRDANCE
  2324 | D:2      | Reached XP level 4. HP: 27/28 MP: 4/4
  2337 | D:2      | Reached skill level 1 in Armour
  2368 | D:3      | 2368 ||| STAIRDANCE
  2376 | D:2      | Killed a necrophage
  2377 | D:2      | Reached skill level 3 in Armour
  2377 | D:2      | Reached XP level 5. HP: 22/32 MP: 5/5
  2597 | D:3      | 2597 ||| Stepping ~*~*~tactically~*~*~ (stealth).
  2788 | D:3      | HP: 5/32 [wight/+3 great sword of freezing (5)]
  2789 | D:3      | 2789 ||| READING 2 scrolls of teleportation.
  2790 | D:3      | 2790 ||| DRINKING potion of heal wounds.
  2791 | D:3      | HP: 1/32 [wight/+3 great sword of freezing (5)]
  2791 | D:3      | Slain by a wight

Levels and vault maps discovered:
D:1:      spicycebolla_arrival_transporter_tutorial, layout_loops_ring,
          ebering_ecumenical_altar_mist
D:2:      layout_rooms
D:3:      layout_basic
D:4:      minmay_thick_lines, layout_basic, minmay_temple_entry_purple_smoke,
          serial_shops, shop
D:5:      layout_gridville, nicolae_sif_muna_condensation,
          nemelex_spade_bored_becter, lemuel_tele_altar, kennysheep_slug_shrine,
          kennysheep_mini_moat

Skill      XL: |  1  2  3  4  5 |
---------------+----------------+-----
Axes           | 2 3 4 |  4.2
Armour         | 3 |  3.2
Fighting       | |  3.2
Throwing       | |  0.4
Dodging        | |  1.5
Stealth        | |  5.4

Action                   |  1- 3 |  4- 6 || total
-------------------------+-------+-------++-------
Melee: Hand axe          |   102 |    51 ||   153
       Punch             |     1 |       ||     1
Throw: Javelin           |     7 |     2 ||     9
       Boomerang         |       |     1 ||     1
  Use: Scroll            |     6 |     1 ||     7
       Potion            |     2 |     1 ||     3
Armor: Leather armour    |    28 |       ||    28
       Plate armour      |    12 |    33 ||    45
Dodge: Dodged            |    57 |    18 ||    75

Table legend:
 A = Non-vault XP
 B = Vault XP
 C = Vault XP percentage of total XP
 D = Non-vault monster count
 E = Vault monster count
 F = Vault count percentage of total count
                 A         B        C        D         E       F
            +---------+---------+-------+---------+---------+-------
      Total |     273 |       0 |   0.0 |      44 |       0 |   0.0
            +---------+---------+-------+---------+---------+-------
        D:1 |      24 |       0 |   0.0 |      15 |       0 |   0.0
        D:2 |     147 |       0 |   0.0 |      20 |       0 |   0.0
        D:3 |      85 |       0 |   0.0 |       6 |       0 |   0.0
        D:4 |      17 |       0 |   0.0 |       3 |       0 |   0.0
            +---------+---------+-------+---------+---------+-------
